 Dungeon Crawl Stone Soup version 0.15.2 (webtiles) character file.

6009 XDMelanieDX the Carver (level 10, -5/93 HPs)
             Began as a Minotaur Fighter on Nov 20, 2014.
             Slain by a wolf (8 damage)
             ... led by Grum
             ... on Level 9 of the Dungeon.
             The game lasted 00:42:17 (12371 turns).

XDMelanieDX the Carver (Minotaur Fighter)          Turns: 12371, Time: 00:42:17

HP  -5/93        AC 13     Str 21      XL: 10   Next: 56%
MP   4/4         EV  9     Int  5      God:
Gold 325         SH  0     Dex 13      Spells:  0 memorised,  9 levels left

rFire  x . .     SeeInvis .     J - +0 great sword of Descent {freeze, MR++}
rCold  + . .     Clarity  .     b - +0 scale mail
rNeg   + . .     rCorr    .     (no shield)
rPois  .         rRot     .     (helmet restricted)
rElec  .         Spirit   .     (no cloak)
SustAb .         Warding  .     y - +0 pair of gloves (curse)
rMut   .         Stasis   .     n - +2 pair of boots
Gourm  .                        (no amulet)
MR     ++...                    w - ring of ice
                                j - ring of positive energy

@: very resistant to hostile enchantments, extremely unstealthy
A: retaliatory headbutt, horns 2
a: no special abilities


You were on level 9 of the Dungeon.
You were not hungry.

You visited 1 branch of the dungeon, and saw 9 of its levels.

You collected 409 gold pieces.
You spent 84 gold pieces at shops.

Inventory:

Hand weapons
 a - a +0 long sword
 J - the +0 great sword of Descent (weapon) {freeze, MR++}
   (You found it on level 8 of the Dungeon)

   It has been specially enchanted to freeze those struck by it, causing extra
   injury to most foes and up to double damage against particularly susceptible
   opponents.
   It can also slow down cold-blooded creatures.
   It affects your resistance to hostile enchantments.
Missiles
 l - 7 large rocks
Armour
 b - a +0 scale mail (worn)
 c - a +0 shield
 n - a +2 pair of boots (worn)
 y - a cursed +0 pair of gloves (worn)
Magical devices
 L - a wand of random effects (7) {unknown}
Comestibles
 d - 2 bread rations
 h - a beef jerky
 A - 3 meat rations
 I - 2 fruits
 M - 4 chunks of gnoll flesh
 P - a chunk of goblin flesh
 Q - a royal jelly
Scrolls
 g - 7 scrolls of identify
 i - 4 scrolls of remove curse {unknown}
 k - a scroll of fog {unknown}
 o - a scroll of noise {unknown}
 r - 2 scrolls of magic mapping {unknown}
 u - a scroll of random uselessness {unknown}
 v - a scroll of recharging {unknown}
 x - a scroll of enchant weapon {unknown}
 B - 2 scrolls of fear {unknown}
 C - a scroll of vulnerability {unknown}
 G - a scroll of amnesia {unknown}
 N - a scroll of torment {unknown}
 O - a scroll of silence {unknown}
Jewellery
 j - a ring of positive energy (left hand)
 w - a ring of ice (right hand)
 F - an uncursed ring of see invisible {unknown}
 K - an uncursed amulet of faith {unknown}
Potions
 e - 2 potions of might
 f - 2 potions of brilliance
 m - a potion of restore abilities {unknown}
 q - a potion of berserk rage {unknown}
 s - a potion of haste {unknown}
 t - 2 potions of agility {unknown}
 z - a potion of magic {unknown}
 D - 2 potions of flight
 E - 4 potions of heal wounds
 H - a potion of mutation {unknown}
Books
 p - a book of Envenomations

   Spells                             Type                      Level
   Spider Form                        Transmutation/Poison         3
   Alistair's Intoxication            Transmutation/Poison         4
   Olgreb's Toxic Radiance            Poison                       4
   Poisonous Cloud                    Conjuration/Poison/Air       6


   Skills:
 + Level 10.0 Fighting
 + Level 11.0 Long Blades
 + Level 10.1 Armour
 + Level 9.3 Shields


You had 9 spell levels left.
You didn't know any spells.

Dungeon Overview and Level Annotations

Branches:
Dungeon (9/15)             Temple (0/1) D:7            Lair (0/8) D:9
    Orc: D:9-12

Altars:
Ashenzari
Kikubaaqudgha
Nemelex Xobeh
Okawaru
The Shining One

Shops:
D:8 !

Annotations:
D:9 Grum


Innate Abilities, Weirdness & Mutations

You reflexively headbutt those who attack you in melee.
You have a pair of horns on your head.


Message History

* * * LOW HITPOINT WARNING * * *
The wolf bites you.
* * * LOW HITPOINT WARNING * * *
The wolf bites you!
* * * LOW HITPOINT WARNING * * *
The wolf closely misses you. The wolf bites you but does no damage.
The yellow wasp barely misses you. You furiously retaliate!
You headbutt the yellow wasp! The wolf bites you but does no damage.
The yellow wasp stings you but does no damage. x2
The orc wizard is no longer moving quickly.
The orc wizard barely misses you. The wolf misses you.
The orc wizard casts a spell.
The orc wizard seems to speed up.
The wolf bites you but does no damage. The wolf bites you.
* * * LOW HITPOINT WARNING * * *
The wolf bites you.
* * * LOW HITPOINT WARNING * * *
The wolf bites you!
You die...

#.## #.# ## #.# #.# # #.#
##'##### #.# #....... #.#
#....... #.# #....... #.#
#####...(...
#########..)...(()..
#.h@...)..#####'####
#y###.##### #....# #.##
####.###.# #####.# .....
#..o...#!# #...... ....?
#####....###)### #......
.....
#..Ko....#.))..######......
...).
#.###....#....!#....#......
.....##.#
#....#!.∩.!####.......%
....)#oo# #....#!....#
###......


You could see a wolf and a yellow wasp.

Vanquished Creatures
  A death yak (D:9)
  An elephant (D:9)
  2 trolls (D:9)
  Prince Ribbit (D:6)
  A two-headed ogre (D:9)
  A wyvern (D:8)
  A wolf (D:9)
  Edmund (D:6)
  An orc warrior (D:9)
  2 sky beasts
  3 phantoms
  8 ogres
  4 centaurs
  A crocodile (D:9)
  Duvessa (D:8)
  4 giant frogs
  Blork the orc (D:7)
  A yak zombie (D:8)
  A scorpion (D:9)
  A troll skeleton (D:9)
  A hippogriff zombie (D:6)
  5 killer bees (D:9)
  Dowan (D:8)
  2 goliath beetles (D:9)
  2 hounds
  A giant frog zombie (D:9)
  6 crimson imps
  7 orc wizards
  A giant frog skeleton (D:5)
  3 orc priests
  2 jellies
  5 iguanas
  5 worker ants
  A sheep (D:9)
  An ogre skeleton (D:6)
  7 gnolls
  11 adders
  3 orc skeletons
  5 shadow imps
  2 worms
  5 giant geckos
  An ooze (D:2)
  29 orcs
  A bat skeleton (D:4)
  4 giant cockroaches
  14 hobgoblins
  5 jackals
  13 kobolds
  A ball python (D:4)
  17 bats
  6 giant newts
  8 goblins
  A hobgoblin skeleton (D:5)
  A kobold skeleton (D:4)
  4 quokkas
  14 rats
  A rat skeleton (D:5)
  2 ballistomycetes (D:8)
  2 fungi (D:9)
  A plant (D:9)
238 creatures vanquished.

Vanquished Creatures (others)
  A giant spore (D:8)
1 creature vanquished.

Grand Total: 239 creatures vanquished

Notes
Turn   | Place    | Note
--------------------------------------------------------------
     0 | D:1      | XDMelanieDX, the Minotaur Fighter, began the quest for the Orb.
     0 | D:1      | Reached XP level 1. HP: 19/19 MP: 1/1
   392 | D:1      | Reached skill level 4 in Fighting
   411 | D:1      | Reached XP level 2. HP: 25/27 MP: 1/1
  1239 | D:2      | Reached XP level 3. HP: 33/33 MP: 2/2
  1280 | D:2      | Found a shattered altar of Ashenzari.
  1281 | D:2      | Found an ancient bone altar of Kikubaaqudgha.
  1611 | D:3      | Reached XP level 4. HP: 41/41 MP: 2/2
  1963 | D:4      | Noticed an ogre
  1964 | D:4      | Noticed Edmund
  2405 | D:4      | Killed an ogre
  2405 | D:4      | Reached skill level 5 in Shields
  2405 | D:4      | Reached XP level 5. HP: 37/47 MP: 2/2
  2430 | D:4      | Reached skill level 5 in Armour
  2630 | D:4      | Reached skill level 5 in Fighting
  2630 | D:4      | Reached XP level 6. HP: 49/56 MP: 3/3
  2807 | D:4      | Found a sparkling altar of Nemelex Xobeh.
  4072 | D:5      | Entered Level 5 of the Dungeon
  4086 | D:5      | Reached skill level 5 in Long Blades
  4086 | D:5      | Reached skill level 6 in Shields
  4086 | D:5      | Reached XP level 7. HP: 61/61 MP: 3/3
  5789 | D:5      | Reached XP level 8. HP: 64/70 MP: 3/3
  5926 | D:5      | Reached skill level 7 in Shields
  6585 | D:5      | Found a sparkling altar of Nemelex Xobeh.
  6942 | D:6      | Killed Edmund
  7395 | D:6      | Noticed Prince Ribbit
  7417 | D:6      | Killed Prince Ribbit
  7615 | D:6      | Reached skill level 8 in Armour
  7615 | D:6      | Reached XP level 9. HP: 76/79 MP: 4/4
  7690 | D:7      | Noticed Blork the orc
  7699 | D:7      | Killed Blork the orc
  7749 | D:7      | Found a staircase to the Ecumenical Temple.
  8363 | D:8      | Found a sparkling altar of Nemelex Xobeh.
  8543 | D:8      | Found an iron altar of Okawaru.
  8558 | D:8      | Noticed Duvessa
  8572 | D:8      | Killed Duvessa
  8576 | D:8      | Noticed Dowan
  8579 | D:8      | Reached skill level 9 in Long Blades
  8582 | D:8      | Killed Dowan
  8833 | D:8      | Got a jewelled great sword
  8839 | D:8      | Identified the +0 great sword of Descent {freeze, MR++} (You found it on level 8 of the Dungeon)
  9059 | D:8      | Found Yfaud's Distillery.
  9084 | D:8      | Bought a potion of heal wounds for 42 gold pieces
  9084 | D:8      | Bought a potion of flight for 42 gold pieces
 10294 | D:9      | Found a glowing golden altar of the Shining One.
 10311 | D:9      | Noticed a death yak
 10318 | D:9      | Noticed an elephant
 10345 | D:9      | Killed a death yak
 10345 | D:9      | Reached XP level 10. HP: 37/91 MP: 4/4
 10475 | D:9      | Reached skill level 10 in Long Blades
 10804 | D:9      | Killed an elephant
 10867 | D:9      | Found a staircase to the Lair.
 11507 | D:9      | Got a crude ring mail
 11509 | D:9      | Identified the -1 ring mail of Beogh's Fury {rN+} (You found it on level 9 of the Dungeon)
 11762 | D:9      | Reached skill level 10 in Armour
 11807 | D:9      | Reached skill level 10 in Fighting
 12345 | D:9      | Noticed Grum
 12353 | D:9      | Reached skill level 11 in Long Blades
 12370 | D:9      | HP: 3/93 [wolf[Grum] (4)]
 12371 | D:9      | Slain by a wolf

Action                   |  1- 3 |  4- 6 |  7- 9 | 10-12 || total
-------------------------+-------+-------+-------+-------++-------
Melee: Long sword        |   104 |   105 |   407 |       ||   616
       Great sword       |       |       |    89 |   119 ||   208
  Use: Potion            |       |       |     1 |       ||     1
       Scroll            |       |       |       |     1 ||     1
  Eat: Chunk             |     1 |       |     3 |       ||     4
       Meat ration       |     1 |     1 |       |     1 ||     3
       Bread ration      |       |       |     4 |       ||     4
       Fruit             |       |       |     1 |     1 ||     2
